TOP OF THE 1ST |
Connecticut Huskies batting - Pitching for Minnesota Golden Gophers : LHP Michael Sims
|
Pitching: LHP Michael Sims
|
|
Batting: RHB Alberto Peña
|
0-0: Ball 1-0: Called Strike 1-1: Called Strike 1-2: Foul Ball, location: 2F 1-2: SINGLE (Flyball, 8RS)
|
Batting: RHB Gordon Brown
|
0-0: Ball 1-0: Grounds into double play, 5-4-3 (Groundball, 56)
|
Batting: SHB Juan Román
|
0-0: Ball 1-0: Foul Ball, location: 2F 1-1: SOLO HOME RUN (Flyball, 7LD), Distance : 324 ft
|
Batting: RHB Jeff Manley
|
0-0: Ground out 6-3 (Groundball, 6)
|
Top of the 1st over - 1 run(s), 2 hit(s), 0 error(s), 0 left on base; Connecticut 1 - Minnesota 0 |
BOTTOM OF THE 1ST |
Minnesota Golden Gophers batting - Pitching for Connecticut Huskies : RHP Pat Singleton
|
Pitching: RHP Pat Singleton
|
|
Batting: RHB Carlos López
|
0-0: Ball 1-0: Ball 2-0: Ball 3-0: Called Strike 3-1: Base on Balls
|
Batting: SHB Van White
|
0-0: Ball 1-0: Fly out, F7 (Flyball, 7LM)
|
Batting: LHB Matt Murphy
|
0-0: Ball 1-0: Foul Ball, location: 2F 1-1: Fly out, F7 (Flyball, 78S)
|
Batting: RHB Brady McIntyre
|
0-0: Ball Carlos López steals 2nd base 1-0: Ball 2-0: Ground out 4-3 (Groundball, 34)
|
Bottom of the 1st over - 0 run(s), 0 hit(s), 0 error(s), 1 left on base; Connecticut 1 - Minnesota 0 |
TOP OF THE 2ND |
Connecticut Huskies batting - Pitching for Minnesota Golden Gophers : LHP Michael Sims
|
Batting: RHB Rob Schmidt
|
0-0: Ball 1-0: Called Strike 1-1: Ball 2-1: Ball 3-1: Base on Balls
|
Batting: LHB Michael Myers
|
0-0: Foul Ball, location: 2F 0-1: Ball 1-1: Ball 2-1: Ground out 4-3 (Groundball, 4M) Rob Schmidt to second
|
Batting: RHB Javier Saucedo
|
0-0: Ball 1-0: SINGLE (Groundball, 34D) Rob Schmidt to third
|
Batting: LHB Chris Schultz
|
0-0: Called Strike 0-1: Ball 1-1: Fly out, F7 (Flyball, 7LS)
|
Batting: RHB Brian Kramer
|
0-0: Ball 1-0: Ball 2-0: Foul Ball, location: 2F 2-1: Foul Ball, location: 2F 2-2: Strikes out looking
|
Top of the 2nd over - 0 run(s), 1 hit(s), 0 error(s), 2 left on base; Connecticut 1 - Minnesota 0 |
BOTTOM OF THE 2ND |
Minnesota Golden Gophers batting - Pitching for Connecticut Huskies : RHP Pat Singleton
|
Batting: RHB Esteban Ayala
|
0-0: Ball 1-0: Called Strike 1-1: Ball 2-1: Called Strike 2-2: Foul Ball, location: 2F 2-2: Ball 3-2: Foul Ball, location: 2F 3-2: Strikes out looking
|
Batting: RHB Ben Lund
|
0-0: SINGLE (Flyball, 8LM)
|
Batting: LHB Nick Hopper
|
0-0: Swinging Strike 0-1: Ball 1-1: Foul Ball, location: 2F 1-2: Ball 2-2: Strikes out looking
|
Batting: LHB Steve Davis
|
0-0: Fly out, F7 (Flyball, 7M)
|
Bottom of the 2nd over - 0 run(s), 1 hit(s), 0 error(s), 1 left on base; Connecticut 1 - Minnesota 0 |
TOP OF THE 3RD |
Connecticut Huskies batting - Pitching for Minnesota Golden Gophers : LHP Michael Sims
|
Batting: RHB Alberto Peña
|
0-0: Called Strike 0-1: Ball 1-1: Ball 2-1: Fly out, F9 (Flyball, 89M)
|
Batting: RHB Gordon Brown
|
0-0: Called Strike 0-1: Ball 1-1: Called Strike 1-2: Ground out 4-3 (Groundball, 4)
|
Batting: SHB Juan Román
|
0-0: Called Strike 0-1: Ball 1-1: Ball 2-1: SINGLE (Groundball, 56D)
|
Batting: RHB Jeff Manley
|
0-0: Foul Ball, location: 2F 0-1: Foul Ball, location: 2F 0-2: Strikes out looking
|
Top of the 3rd over - 0 run(s), 1 hit(s), 0 error(s), 1 left on base; Connecticut 1 - Minnesota 0 |
BOTTOM OF THE 3RD |
Minnesota Golden Gophers batting - Pitching for Connecticut Huskies : RHP Pat Singleton
|
Batting: RHB Félix Escamilla
|
0-0: Called Strike 0-1: Foul Ball, location: 2F 0-2: Strikes out swinging
|
Batting: RHB Carlos López
|
0-0: Fly out, F4 (Popup, 34)
|
Batting: SHB Van White
|
0-0: SINGLE (Groundball, 34D)
|
Batting: LHB Matt Murphy
|
0-0: Called Strike 0-1: Ball 1-1: Ball 2-1: Foul Ball, location: 2F 2-2: Fly out, F9 (Flyball, 89M)
|
Bottom of the 3rd over - 0 run(s), 1 hit(s), 0 error(s), 1 left on base; Connecticut 1 - Minnesota 0 |
TOP OF THE 4TH |
Connecticut Huskies batting - Pitching for Minnesota Golden Gophers : LHP Michael Sims
|
Batting: RHB Rob Schmidt
|
0-0: Called Strike 0-1: Ball 1-1: Foul Ball, location: 2F 1-2: Foul Ball, location: 2F 1-2: Foul Ball, location: 2F 1-2: Foul Ball, location: 2F 1-2: Strikes out swinging
|
Batting: LHB Michael Myers
|
0-0: Called Strike 0-1: Called Strike 0-2: Ball 1-2: Foul Ball, location: 2F 1-2: Ball 2-2: Ball 3-2: SINGLE (Line Drive, 7LS)
|
Batting: RHB Javier Saucedo
|
0-0: Called Strike 0-1: Swinging Strike 0-2: Ball 1-2: Fly out, F9 (Popup, 34D)
|
Batting: LHB Chris Schultz
|
0-0: Ball 1-0: Foul Ball, location: 2F 1-1: Ball 2-1: Ball 3-1: Foul Ball, location: 2F 3-2: Foul Ball, location: 2F 3-2: Fly out, F3 (Popup, 3S)
|
Top of the 4th over - 0 run(s), 1 hit(s), 0 error(s), 1 left on base; Connecticut 1 - Minnesota 0 |
BOTTOM OF THE 4TH |
Minnesota Golden Gophers batting - Pitching for Connecticut Huskies : RHP Pat Singleton
|
Batting: RHB Brady McIntyre
|
0-0: Ball 1-0: DOUBLE (Line Drive, 7LM)
|
Batting: RHB Esteban Ayala
|
0-0: Called Strike 0-1: Foul Ball, location: 2F 0-2: Fly out, F8 (Flyball, 89D) Runner from 2nd tags up, SAFE at 3rd, no throw
|
Batting: RHB Ben Lund
|
0-0: SINGLE (Groundball, 56D) Brady McIntyre scores
|
Batting: LHB Nick Hopper
|
0-0: Ball 1-0: Ball 2-0: Swinging Strike 2-1: Called Strike 2-2: Ball 3-2: Foul Ball, location: 2F 3-2: Foul Ball, location: 2F 3-2: Strikes out looking
|
Batting: LHB Steve Davis
|
0-0: Swinging Strike 0-1: Ball 1-1: Called Strike 1-2: Ball 2-2: Foul Ball, location: 2F 2-2: Strikes out looking
|
Bottom of the 4th over - 1 run(s), 2 hit(s), 0 error(s), 1 left on base; Connecticut 1 - Minnesota 1 |
TOP OF THE 5TH |
Connecticut Huskies batting - Pitching for Minnesota Golden Gophers : LHP Michael Sims
|
Batting: RHB Brian Kramer
|
0-0: Ball 1-0: Called Strike 1-1: Ball 2-1: Fly out, F9 (Flyball, 89S)
|
Batting: RHB Alberto Peña
|
0-0: Foul Ball, location: 2F 0-1: Ball 1-1: Swinging Strike 1-2: Foul Ball, location: 2F 1-2: Foul Ball, location: 2F 1-2: Strikes out looking
|
Batting: RHB Gordon Brown
|
0-0: Called Strike 0-1: SINGLE (Flyball, 9S)
|
Pitching: RHP Albert Colwill
|
|
Batting: SHB Juan Román
|
0-0: Fielders Choice at 2nd, 6-4 (Groundball, 56)
|
Top of the 5th over - 0 run(s), 1 hit(s), 0 error(s), 0 left on base; Connecticut 1 - Minnesota 1 |
BOTTOM OF THE 5TH |
Minnesota Golden Gophers batting - Pitching for Connecticut Huskies : RHP Pat Singleton
|
Batting: RHB Félix Escamilla
|
0-0: Called Strike 0-1: Called Strike 0-2: Ball 1-2: Foul Ball, location: 2F 1-2: Strikes out swinging
|
Batting: RHB Carlos López
|
0-0: Ball 1-0: Ball 2-0: Ball 3-0: Called Strike 3-1: Ground out 6-3 (Groundball, 6M)
|
Batting: SHB Van White
|
0-0: Called Strike 0-1: Ball 1-1: Fly out, F9 (Flyball, 89M)
|
Bottom of the 5th over - 0 run(s), 0 hit(s), 0 error(s), 0 left on base; Connecticut 1 - Minnesota 1 |
TOP OF THE 6TH |
Connecticut Huskies batting - Pitching for Minnesota Golden Gophers : RHP Albert Colwill
|
Batting: RHB Jeff Manley
|
0-0: Called Strike 0-1: Called Strike 0-2: Ball 1-2: Strikes out swinging
|
Batting: RHB Rob Schmidt
|
0-0: Ball 1-0: Called Strike 1-1: Foul Ball, location: 2F 1-2: Foul Ball, location: 2F 1-2: Ball 2-2: Fly out, F6 (Popup, 6)
|
Batting: LHB Michael Myers
|
0-0: Ball 1-0: Ground out 4-3 (Groundball, 4)
|
Top of the 6th over - 0 run(s), 0 hit(s), 0 error(s), 0 left on base; Connecticut 1 - Minnesota 1 |
BOTTOM OF THE 6TH |
Minnesota Golden Gophers batting - Pitching for Connecticut Huskies : RHP Pat Singleton
|
Batting: LHB Matt Murphy
|
0-0: Ball 1-0: SINGLE (Groundball, 34D)
|
Batting: RHB Brady McIntyre
|
0-0: Ball 1-0: Ball 2-0: Ball 3-0: Base on Balls Matt Murphy to second
|
Batting: RHB Esteban Ayala
|
0-0: Ball 1-0: Called Strike 1-1: Foul Ball, location: 2F 1-2: Strikes out looking
|
Pitching: RHP Derek Barber
|
|
Batting: RHB Ben Lund
|
0-0: Grounds into double play, 4-6-3 (Groundball, 4)
|
Bottom of the 6th over - 0 run(s), 1 hit(s), 0 error(s), 1 left on base; Connecticut 1 - Minnesota 1 |
TOP OF THE 7TH |
Connecticut Huskies batting - Pitching for Minnesota Golden Gophers : RHP Albert Colwill
|
Batting: RHB Javier Saucedo
|
0-0: Foul Ball, location: 2F 0-1: Ball 1-1: Foul Ball, location: 2F 1-2: Ball 2-2: Strikes out looking
|
Batting: LHB Chris Schultz
|
0-0: Swinging Strike 0-1: Ball 1-1: Foul Ball, location: 2F 1-2: Ball 2-2: Ball 3-2: Strikes out looking
|
Batting: RHB Brian Kramer
|
0-0: Ball 1-0: Called Strike 1-1: Foul Ball, location: 2F 1-2: Ball 2-2: Ground out 5-3 (Groundball, 56S)
|
Top of the 7th over - 0 run(s), 0 hit(s), 0 error(s), 0 left on base; Connecticut 1 - Minnesota 1 |
BOTTOM OF THE 7TH |
Minnesota Golden Gophers batting - Pitching for Connecticut Huskies : RHP Derek Barber
|
Batting: LHB Nick Hopper
|
0-0: Foul Ball, location: 2F 0-1: Foul Ball, location: 2F 0-2: Strikes out swinging
|
Batting: LHB Steve Davis
|
0-0: Foul Ball, location: 2F 0-1: Foul Ball, location: 2F 0-2: Ball 1-2: Ball 2-2: Strikes out swinging
|
Batting: RHB Félix Escamilla
|
0-0: Swinging Strike 0-1: Ball 1-1: Swinging Strike 1-2: Foul Ball, location: 2F 1-2: Ball 2-2: Strikes out looking
|
Bottom of the 7th over - 0 run(s), 0 hit(s), 0 error(s), 0 left on base; Connecticut 1 - Minnesota 1 |
TOP OF THE 8TH |
Connecticut Huskies batting - Pitching for Minnesota Golden Gophers : RHP Albert Colwill
|
Pitching: LHP Jeff O'Farrell
|
|
Batting: RHB Alberto Peña
|
0-0: Called Strike 0-1: Ball 1-1: Ground out 6-3 (Groundball, 6)
|
Batting: RHB Gordon Brown
|
0-0: Called Strike 0-1: Ball 1-1: Ball 2-1: Swinging Strike 2-2: Foul Ball, location: 2F 2-2: Foul Ball, location: 2F 2-2: Ball 3-2: Base on Balls
|
Batting: SHB Juan Román
|
0-0: Called Strike 0-1: Ball 1-1: Ball 2-1: Called Strike 2-2: SINGLE (Line Drive, 6D) Gordon Brown to second
|
Batting: RHB Jeff Manley
|
0-0: Ball 1-0: Ball 2-0: Grounds into double play, 6-4-3 (Groundball, 6)
|
Top of the 8th over - 0 run(s), 1 hit(s), 0 error(s), 1 left on base; Connecticut 1 - Minnesota 1 |
BOTTOM OF THE 8TH |
Minnesota Golden Gophers batting - Pitching for Connecticut Huskies : RHP Derek Barber
|
Batting: RHB Carlos López
|
0-0: Ball 1-0: Foul Ball, location: 2F 1-1: Ball 2-1: Foul Ball, location: 2F 2-2: Foul Ball, location: 2F 2-2: Foul Ball, location: 2F 2-2: Strikes out looking
|
Pitching: LHP Salvador Jiménez
|
|
Batting: SHB Van White
|
0-0: Fly out, F6 (Popup, 5D)
|
Batting: LHB Matt Murphy
|
0-0: Ball 1-0: Ball 2-0: Called Strike 2-1: Foul Ball, location: 2F 2-2: Foul Ball, location: 2F 2-2: Strikes out swinging
|
Bottom of the 8th over - 0 run(s), 0 hit(s), 0 error(s), 0 left on base; Connecticut 1 - Minnesota 1 |
TOP OF THE 9TH |
Connecticut Huskies batting - Pitching for Minnesota Golden Gophers : LHP Jeff O'Farrell
|
Pitching: LHP Roger Glass
|
|
Batting: RHB Rob Schmidt
|
0-0: Ball 1-0: Ball 2-0: Ball 3-0: Base on Balls
|
Batting: LHB Michael Myers
|
0-0: Bunt missed! 0-1: Bunted foul 0-2: Ball 1-2: Foul Ball, location: 2F 1-2: Fly out, F8 (Flyball, 8LM)
|
Batting: RHB Javier Saucedo
|
0-0: Ball 1-0: Grounds into double play, 1-4-3 (Groundball, 13S)
|
Top of the 9th over - 0 run(s), 0 hit(s), 0 error(s), 0 left on base; Connecticut 1 - Minnesota 1 |
|